AoeStats
← 布丁

Fortress

508850490Analyzed
4v4 RM · 7d ago on Sep 24, 2026· 66m 8s· 8 players
Game mode
Random Map
Map size
Huge
Population
200
Speed
Normal
Resources
Standard
Victory
Conquest
Starting age
Dark Age
Ending age
Imperial Age
RankedLock teamsTeams togetherTeam positionsShared explorationLock speedFull tech treeHidden civsTurbo modeCheats
Victory
Defeat
🇨🇳 Burgundians · China
889
+11
🇦🇹 Celts · Austria
840
+29
🇹🇼 Goths · Taiwan
815
+14
🇨🇳 Poles · China
777
+16
🇩🇪 Britons · Germany
824
-15
🇨🇴 Byzantines · Colombia
801
-15
🇦🇷 Vietnamese · Argentina
771
-13
🇲🇽 Varangians · Mexico
722
-11
ostiinn
0:46 Loom
8:30 Feudal Age
9:13 Horse Collar
13:05 Castle Age
11:22 Double-Bit Axe
12:17 Gold Mining
13:55 Wheelbarrow
14:20 Bow Saw
21:24 Heavy Plow
27:29 Imperial Age
24:24 Pikeman
25:25 Vendel Legacy
26:55 Bloodlines
27:17 Husbandry
27:34 Cavalier
30:02 Conscription
31:49 Forging
31:44 Scale Barding Armor
32:48 Light Cavalry
36:47 Caravan
40:56 Elite Jarl
43:04 Cranequins
45:33 Ballistics
46:14 Chemistry
51:27 Chain Barding Armor
51:43 Iron Casting
53:35 Guilds
Fulgur
7:43 Loom
9:32 Feudal Age
10:16 Double-Bit Axe
12:43 Forging
17:12 Castle Age
17:10 Horse Collar
17:25 Gold Mining
17:44 Scale Barding Armor
17:32 Light Cavalry
18:13 Husbandry
22:47 Imperial Age
20:50 Bow Saw
22:01 Loom
22:51 Wheelbarrow
22:18 Pikeman
22:58 Squires
22:44 Gambesons
23:31 Heavy Camel Rider
24:39 Conscription
25:58 Gold Shaft Mining
29:48 Halberdier
31:08 Iron Casting
30:34 Scale Mail Armor
42:12 Chain Mail Armor
42:19 Chain Barding Armor
47:36 Plate Mail Armor
49:51 Chemistry
Pega Menis
10:40 Feudal Age
11:55 Double-Bit Axe
11:53 Horse Collar
18:21 Castle Age
16:32 Gold Mining
19:08 Crossbowman
19:43 Fletching
19:40 Elite Skirmisher
21:02 Ballistics
25:34 Imperial Age
23:10 Padded Archer Armor
23:28 Bow Saw
24:15 Bodkin Arrow
24:37 Leather Archer Armor
24:56 Fervor
25:48 Imperial Skirmisher
26:38 Bracer
27:59 Gold Shaft Mining
27:18 Stone Mining
28:01 Ring Archer Armor
30:26 Two-Man Saw
30:29 Heavy Plow
31:21 Yeomen
31:52 Arbalester
37:15 Chemistry
44:47 Conscription
45:25 Wheelbarrow
45:05 Elite Longbowman
48:55 Siege Engineers
kcfr
7:34 Feudal Age
8:02 Double-Bit Axe
8:04 Horse Collar
9:13 Wheelbarrow
14:34 Castle Age
15:51 Hand Cart
15:52 Bow Saw
15:51 Heavy Plow
21:27 Gold Mining
21:32 Stone Mining
22:08 Chatras
22:14 Loom
24:21 Pikeman
29:23 Caravan
30:58 Fletching
31:12 Scale Mail Armor
31:27 Forging
33:52 Imperial Age
34:34 Elite Rattan Archer
35:44 Paper Money
38:12 Halberdier
44:06 Capped Ram
60:21 Bodkin Arrow
61:02 Iron Casting
63:18 Two-Man Saw
62:53 Crop Rotation
布丁
1:44 Loom
9:22 Feudal Age
11:28 Wheelbarrow
13:53 Castle Age
12:53 Double-Bit Axe
19:36 Horse Collar
21:23 Hand Cart
29:28 Imperial Age
28:18 Gold Mining
28:18 Stone Mining
28:04 Pikeman
28:45 Squires
28:51 Scale Mail Armor
29:07 Forging
31:14 Chemistry
30:34 Anarchy
31:23 Chain Mail Armor
31:43 Iron Casting
31:04 Elite Skirmisher
32:55 Fletching
32:36 Elite Huskarl
34:24 Halberdier
37:59 Perfusion
37:27 Onager
46:55 Bodkin Arrow
48:01 Blast Furnace
60:06 Caravan
ksffvbh
0:34 Loom
14:51 Feudal Age
16:13 Wheelbarrow
15:22 Horse Collar
15:29 Double-Bit Axe
15:37 Stone Mining
15:41 Gold Mining
19:41 Castle Age
20:46 Hand Cart
20:33 Heavy Plow
22:34 Bow Saw
27:26 Treadmill Crane
29:23 Husbandry
29:34 Bloodlines
28:44 Light Cavalry
29:37 Forging
29:33 Scale Barding Armor
33:19 Imperial Age
31:17 Town Watch
32:41 Chain Barding Armor
32:57 Iron Casting
35:48 Blast Furnace
35:10 Conscription
35:10 Lechitic Legacy
35:29 Crop Rotation
35:37 Town Patrol
35:11 Winged Hussar
76561199495878758
3:15 Horse Collar
4:06 Double-Bit Axe
9:50 Feudal Age
13:48 Castle Age
12:26 Bow Saw
12:39 Heavy Plow
12:46 Gold Mining
14:04 Gold Shaft Mining
16:54 Two-Man Saw
16:05 Loom
18:09 Crop Rotation
17:42 Stone Mining
18:20 Husbandry
17:40 Cavalier
17:49 Pikeman
18:31 Squires
19:46 Stone Shaft Mining
20:38 Wheelbarrow
20:16 Light Cavalry
23:32 Burgundian Vineyards
27:40 Hand Cart
31:26 Man-at-Arms
36:40 Imperial Age
34:57 Guilds
37:47 Conscription
37:31 Caravan
37:43 Forging
37:39 Scale Barding Armor
40:30 Chemistry
39:43 Elite Coustillier
41:00 Hoardings
41:41 Halberdier
41:45 Paladin
41:46 Hussar
44:09 Long Swordsman
44:59 Two-Handed Swordsman
46:07 Champion
48:02 Champion
49:34 Masonry
49:08 Treadmill Crane
51:23 Architecture
54:11 Iron Casting
53:57 Chain Barding Armor
53:37 Sappers
61:06 Capped Ram
andreas
7:56 Feudal Age
8:50 Double-Bit Axe
8:47 Horse Collar
13:10 Forging
13:01 Scale Mail Armor
15:32 Castle Age
16:24 Bow Saw
16:16 Heavy Plow
22:53 Caravan
31:13 Imperial Age
31:19 Imperial Age
32:07 Iron Casting
31:47 Chain Mail Armor
32:11 Chain Mail Armor
32:40 Conscription
34:19 Blast Furnace
33:10 Elite Woad Raider
34:30 Plate Mail Armor
37:20 Loom
38:11 Wheelbarrow
37:22 Town Watch
42:31 Stronghold
55:31 Scale Barding Armor
55:17 Fletching
55:28 Padded Archer Armor
55:30 Town Patrol
55:46 Hand Cart
55:45 Furor Celtica
55:06 Sappers
56:12 Hoardings
56:18 Hoardings
55:14 Sappers
Connection lost

Rejoining the realm…

Still unreachable

The connection could not be restored.

Session expired

The server has moved on; the page needs a fresh start.